 Dungeon Crawl Stone Soup version 0.21.1-1-g345015f (webtiles) character file.

1354 keltmir the Conjurer (level 8, -13/41 HPs)
             Began as a Deep Elf Conjurer on Apr 2, 2018.
             Was a Follower of Sif Muna.
             Mangled by an orc warrior
             ... wielding a +0 mace
              (21 damage)
             ... on level 6 of the Dungeon.
             The game lasted 00:37:43 (7802 turns).

keltmir the Conjurer (Deep Elf Conjurer)            Turns: 7802, Time: 00:37:44

Health: -13/41     AC:  5    Str:  5    XL:     8   Next: 37%
Magic:  16/21      EV: 14    Int: 23    God:    Sif Muna [*.....]
Gold:   334        SH:  0    Dex: 15    Spells: 6/21 levels left

rFire    . . .     SeeInvis .   y - +2 dagger (speed)
rCold    . . .     Gourm    .   (no shield)
rNeg     . . .     Faith    .   a - +0 robe
rPois    .         Spirit   .   o - +0 hat
rElec    .         Reflect  .   (no cloak)
rCorr    +         Harm     .   (no gloves)
MR       .....                  x - +2 pair of boots
Stlth    ++++......             z - amulet of rage
HPRegen  0.13/turn              p - ring of wizardry
MPRegen  0.17/turn              r - ring of resist corrosion

@: no status effects
A: no striking features
a: Divine Energy, Renounce Religion, Evoke Berserk Rage


You were on level 6 of the Dungeon.
You worshipped Sif Muna.
Sif Muna was aware of your devotion.
You were not hungry.

You visited 1 branch of the dungeon, and saw 6 of its levels.

You collected 334 gold pieces.

Inventory:

Hand Weapons
 v - a +1 dagger of draining
 y - a +2 dagger of speed (weapon)
Armour
 a - a +0 robe (worn)
 o - a +0 hat (worn)
 x - a +2 pair of boots (worn)
Jewellery
 p - a ring of wizardry (left hand)
 r - a ring of resist corrosion (right hand)
 z - an amulet of rage (around neck)
Wands
 m - a wand of polymorph (25)
 w - a wand of digging (9)
Scrolls
 e - a scroll of fear
 j - a scroll of torment {unknown}
 n - a scroll of blinking {unknown}
 q - a scroll of remove curse
 s - a scroll of fog {unknown}
 t - 2 scrolls of identify
Potions
 f - 2 potions of cancellation
 g - a potion of brilliance
 h - a potion of degeneration {unknown}
 i - 4 potions of curing
 k - a potion of flight {unknown}
 l - 2 potions of haste {unknown}
Books
 b - a book of Conjurations

   Spells                             Type                      Level
   a - Magic Dart                     Conjuration                  1
   b - Searing Ray                    Conjuration                  2
   c - Dazzling Spray                 Conjuration/Hexes            3
   d - Fulminant Prism                Conjuration/Hexes            4
   e - Force Lance                    Conjuration/Translocation    4
   f - Iskenderun's Mystic Blast      Conjuration                  4
 u - a book of Cantrips

   Spells                             Type                      Level
   a - Confusing Touch                Hexes                        1
   b - Animate Skeleton               Necromancy                   1
   c - Summon Small Mammal            Summoning                    1
   d - Apportation                    Translocation                1
Comestibles
 c - 10 rations
 d - 3 chunks of flesh


   Skills:
 + Level 4.5 Dodging
 + Level 7.2 Stealth
 + Level 7.4 Spellcasting
 * Level 7.6 Conjurations
 - Level 2.6 Translocations


You had 6 spell levels left.
You knew the following spells:

 Your Spells              Type           Power        Failure   Level  Hunger
a - Magic Dart            Conj           ####         1%          1    None
b - Searing Ray           Conj           #####.       1%          2    None
c - Dazzling Spray        Conj/Hex       ####..       1%          3    None
d - Force Lance           Conj/Tloc      ####....     3%          4    ###....
e - Apportation           Tloc           ###...       1%          1    None
f - Fulminant Prism       Conj/Hex       ####......   6%          4    ###....


Dungeon Overview and Level Annotations

Branches:
Dungeon (6/15)             Temple (0/1) D:6

Altars:
Fedhas
Nemelex Xobeh
Sif Muna
Trog
Yredelemnul
The Shining One

Annotations:
D:4 Totori's ghost, novice MfIE
D:5 1 runed door


Message History

Aim: a bullfrog (lightly wounded)
The searing ray misses the bullfrog. (Press . to maintain the ray.)
The orc wizard shouts!
You hear a shout! x2
The searing ray hits the bullfrog.
The bullfrog is severely wounded.
The bullfrog completely misses you. The bullfrog hits you.
The searing ray hits the bullfrog.
You kill the bullfrog!
Sif Muna accepts your kill.
Okay, then.
Okay, then.
Okay, then.
The orc wizard casts a cantrip, but nothing happens.
The orc warrior barely misses you. The orc warrior hits you with a mace!
* * * LOW HITPOINT WARNING * * *
The orc warrior hits you with a mace!!
Ouch! That really hurt!
You die...

. /....(#
################.....#
#..#..#....#).##.....##
..#.....o........%..# #
..'.....o.(........ .#
###..##.##o###...# ..#
...###..#####@###...######..##
.........'...........#..#.....
...Y.....#.o..P.P....#..o..o..
...>.....#....._.....#..#.....
#..##.#####'#.P.P.[###..# #..#
#. ## ###.........###..###..#
. #...........#..........
#......#....'..........
#......#....#..........


You could see an orc warrior, an orc priest (wandering) and an orc wizard.

Vanquished Creatures
  Eustachio (D:3)
  An ice beast (D:6)
  2 phantoms
  3 centaurs
  2 bullfrogs (D:6)
  2 crimson imps
  7 orc wizards
  A hound (D:5)
  An orc priest (D:3)
  A bullfrog skeleton (D:6)
  A worker ant (D:5)
  A hound skeleton (D:6)
  A howler monkey skeleton (D:5)
  8 adders
  2 oozes
  An adder skeleton (D:4)
  A worm (D:2)
  A dart slug (D:1)
  A leopard gecko (D:5)
  16 orcs
  3 giant cockroaches
  6 goblins
  11 hobgoblins
  4 jackals (D:2)
  6 kobolds
  A ball python (D:1)
  5 bats
  5 frilled lizards
  A jackal skeleton (D:6)
  4 rats
100 creatures vanquished.

Vanquished Creatures (others)
  3 fulminant prisms
3 creatures vanquished.

Grand Total: 103 creatures vanquished

Notes
Turn   | Place    | Note
-------+----------+-------------------------------------------
     0 | D:1      | keltmir the Deep Elf Conjurer began the quest for the Orb.
     0 | D:1      | Reached XP level 1. HP: 10/10 MP: 6/6
   184 | D:1      | Reached XP level 2. HP: 15/15 MP: 5/8
   909 | D:1      | You fall through a shaft!
   909 | D:2      | Found a bloodstained altar of Trog.
   916 | D:2      | Reached XP level 3. HP: 16/19 MP: 4/9
  1055 | D:2      | Learned a level 2 spell: Searing Ray
  1059 | D:2      | Learned a level 3 spell: Dazzling Spray
  1078 | D:2      | Reached skill level 5 in Conjurations
  1512 | D:2      | Found a faded altar of an unknown god.
  1722 | D:2      | Reached XP level 4. HP: 24/24 MP: 9/11
  1743 | D:2      | Learned a level 4 spell: Force Lance
  2303 | D:3      | Learned a level 1 spell: Apportation
  2475 | D:3      | Noticed a centaur
  2482 | D:3      | Killed a centaur
  2482 | D:3      | Reached XP level 5. HP: 25/28 MP: 9/13
  3510 | D:4      | Found a glowing golden altar of the Shining One.
  3510 | D:4      | Found a sparkling altar of Nemelex Xobeh.
  3555 | D:4      | Noticed a phantom
  3564 | D:4      | Killed a phantom
  3564 | D:4      | Reached skill level 5 in Spellcasting
  3564 | D:4      | Reached skill level 1 in Translocations
  3564 | D:4      | Reached XP level 6. HP: 31/32 MP: 7/15
  3702 | D:4      | Noticed Totori's ghost (novice MfIE)
  3920 | D:4      | Found a basalt altar of Yredelemnul.
  3978 | D:4      | Found a deep blue altar of Sif Muna.
  3981 | D:4      | Became a worshipper of Sif Muna the Loreminder
  4390 | D:4      | Reached skill level 5 in Stealth
  4786 | D:4      | Noticed Eustachio
  4885 | D:3      | Killed Eustachio
  4885 | D:3      | Reached XP level 7. HP: 17/36 MP: 4/18
  5479 | D:5      | Entered Level 5 of the Dungeon
  6179 | D:5      | Found a runed door.
  6289 | D:5      | Learned a level 4 spell: Fulminant Prism
  6821 | D:6      | Found a blossoming altar of Fedhas.
  7159 | D:6      | Reached * piety under Sif Muna
  7250 | D:6      | Reached XP level 8. HP: 31/41 MP: 1/20
  7430 | D:6      | Found a staircase to the Ecumenical Temple.
  7802 | D:6      | Mangled by an orc warrior

Skill      XL: |  1  2  3  4  5  6  7  8 |
---------------+-------------------------+-----
Stealth        | 3 4 5 6 7 |  7.2
Conjurations   | 5 6 7 |  7.6
Spellcasting   | 4 5 6 7 |  7.4
Translocations | 1 2 |  2.6
Dodging        | 3 4 |  4.5

Action                   |  1- 3 |  4- 6 |  7- 9 || total
-------------------------+-------+-------+-------++-------
Melee: Dagger            |     1 |    15 |     4 ||    20
 Cast: Magic Dart        |    62 |    71 |    66 ||   199
       Searing Ray       |     3 |    13 |    17 ||    33
       Dazzling Spray    |       |    10 |     8 ||    18
       Force Lance       |       |     2 |     5 ||     7
       Fulminant Prism   |       |       |     3 ||     3
  Use: Scroll            |       |     9 |     2 ||    11
       Potion            |       |     1 |       ||     1
 Stab: Sleeping          |     1 |     1 |       ||     2
       Distracted        |       |       |     1 ||     1
  Eat: Chunk             |     2 |     8 |     6 ||    16
       Ration            |       |     1 |     1 ||     2
Armor: Robe              |     2 |     2 |    11 ||    15
Dodge: Dodged            |    13 |    38 |    26 ||    77
